 Dungeon Crawl Stone Soup version 0.31-a0-1603-gbec6b6ccbf (webtiles) character file.

Game seed: 14388480206331944838

6845 jasper the Carver (level 11, -2/80 HPs)
             Began as a Human Fighter on Jan 7, 2024.
             Was an Elder of Okawaru.
             Slain by Erica
             ... wielding a +4 scimitar of flaming
              (14 damage)
             ... on level 9 of the Dungeon.
             The game lasted 00:13:25 (9155 turns).

jasper the Carver (Human Fighter)                   Turns: 9155, Time: 00:13:26

Health: -2/80      AC: 14    Str: 16    XL:     11   Next: 6%
Magic:  15/15      EV:  6    Int: 15    God:    Okawaru [****..]
Gold:   592        SH: 11    Dex: 17    Spells: 10/10 levels left

rFire   + . .        a - +0 long sword
rCold   . . .        y - +0 kite shield
rNeg    . . .        d - +1 chain mail
rPois   .            (no helmet)
rElec   .            (no cloak)
rCorr   .            (no gloves)
SInv    .            E - +0 pair of boots
Will    .....        C - amulet of regeneration Stlth
                     h - ring of protection from fire
HPRegen 1.13/turn    w - +6 ring of intelligence
MPRegen 0.14/turn

%: no passive effects
@: heroic, slowed, constricted, very slow
A: explore regen
a: Renounce Religion, Heroism, Finesse


You were on level 9 of the Dungeon.
You worshipped Okawaru.
Okawaru was greatly pleased with you.
You visited 1 branch of the dungeon, and saw 9 of its levels.
You also visited: Ossuary.

You collected 707 gold pieces.
You spent 115 gold pieces at shops.

Inventory:

Hand Weapons
 a - a +0 long sword (weapon)
 q - a +0 rapier
Missiles
 g - 105 stones
 i - 8 boomerangs (quivered)
 x - 39 poisoned darts
 B - 5 darts of dispersal
 D - 3 curare-tipped darts
Armour
 b - a +0 scale mail
 c - a +0 buckler
 d - a +1 chain mail (worn)
 y - a +0 kite shield (worn)
 E - a +0 pair of boots (worn)
Jewellery
 h - a ring of protection from fire (left hand)
 w - a +6 ring of intelligence (right hand)
 C - an amulet of regeneration (around neck)
Wands
 k - a wand of charming (8)
 p - a wand of roots (5)
Scrolls
 f - 5 scrolls of teleportation
 m - 2 scrolls of fog
 t - 2 scrolls of revelation
 u - 3 scrolls of poison
 v - 2 scrolls of blinking
 A - 2 scrolls of fear
Potions
 e - 2 potions of enlightenment
 j - 3 potions of attraction
 l - 2 potions of curing
 n - 3 potions of haste
 o - a potion of magic
 r - a potion of lignification
 s - 2 potions of mutation {unknown}
 z - a potion of brilliance {unknown}


   Skills:
 - Level 5.2(10.2) Fighting
 - Level 14.0(19.0) Long Blades
 - Level 3.0(8.0) Throwing
 - Level 5.2(10.2) Armour
 - Level 1.2(6.2) Dodging
 - Level 3.3(8.3) Shields
 + Level 5.4 Invocations


You had 10 spell levels left.
You didn't know any spells.
Your spell library contained the following spells:

 Spells                   Type           Power      Damage    Failure   Level
 Sting                    Conj/Alch      0%         1d3       99%         1
 Mercury Vapours          Alch/Air       0%         N/A       100%        2
 Sublimation of Blood     Necr           0%         N/A       100%        2
 Anguish                  Hex/Necr       0%         N/A       100%        4
 Olgreb's Toxic Radiance  Alch           0%         N/A       100%        4
 Petrify                  Alch/Erth      0%         N/A       100%        4
 Irradiate                Conj/Alch      0%         3d11      100%        5
 Summon Small Mammal      Summ           Unusable   N/A       N/A         1
 Monstrous Menagerie      Summ           Unusable   N/A       N/A         7
 Summon Hydra             Summ           Unusable   N/A       N/A         7

Dungeon Overview and Level Annotations

Branches:
Dungeon (9/15)             Temple (0/1) D:5         Ossuary (visited)
   Lair: D:8-11         Orc: D:9-12

Altars:
Dithmenos
Elyvilon
Gozag
Makhleb
Okawaru
Qazlal
Trog
Uskayaw
Wu Jian
Xom
Zin
The Shining One

Shops:
D:5 *   D:8 (

Annotations:
D:5 Pikel
D:8 3 runed translucent doors, Pokonic1's ghost, novice OnBe
D:9 Erica


Innate Abilities, Weirdness & Mutations

You regain HP and MP as you explore.


Message History

You miss something. You hit something.
You hear some strange, mumbled words.
Something tries to affect you, but you resist.
You are constricted.
You take 2 damage, and have 31/80 hp.
You miss something. Something hits you. Something burns you.
You are constricted.
* * * LOW HITPOINT WARNING * * *
You take 10 damage, and have 21/80 hp.
You barely miss something.
You hear some strange, mumbled words.
You feel yourself slow down.
You are constricted.
Okay, then.
You miss something.
You hear some strange, mumbled words.
You feel as though you will be slow longer.
You are constricted.
MP restored: 15 You miss something.
Something hits you.
* * * LOW HITPOINT WARNING * * *
You are constricted.
* * * LOW HITPOINT WARNING * * *
You take 4 damage, and have 19/80 hp.
Okay, then.
Okay, then.
You barely miss something. Something hits you but does no damage.
You are constricted.
Something hits you.
* * * LOW HITPOINT WARNING * * *
Something burns you.
* * * LOW HITPOINT WARNING * * *
You are constricted.
* * * LOW HITPOINT WARNING * * *
You take 9 damage, and have 10/80 hp.
Blink to where?
Press: ? - help, Dir - move target Erica's grasp on you weakens, but your attempt to escape fails.
As you read the scroll of blinking, it crumbles to dust.
Something hits you!
You die...

######.###.#
#...#.######
###.#......#
#.######.#
#.# #.# #<#
#.# #.# #.#
#.# #.# #@#
#.# #{# #.#
#.# #.# #.#
#.# #.# #.#
..# #.# ###
#.# #.#
#######.#


There were no monsters in sight!

Vanquished Creatures
  A two-headed ogre (D:9)
  A troll (D:9)
  Grinder (D:4)
  Prince Ribbit (D:8)
  8 yaks
  A wyvern (D:9)
  Eustachio (D:4)
  3 steam dragons
  Menkaure (D:7)
  A water moccasin (D:6)
  2 ogres (D:5)
  An ice beast (D:7)
  2 black bears
  2 sky beasts
  2 centaurs
  A weeping skull (Ossuary)
  A phantom (D:6)
  6 kobold brigands
  Blork the orc (D:4)
  2 bullfrogs
  6 gnoll sergeants (D:8)
  4 scorpions
  A burial acolyte (Ossuary)
  9 killer bees
  5 howler monkeys
  2 bombardier beetles
  A centaur zombie (Ossuary)
  3 hounds
  A human zombie (Ossuary)
  2 gnoll boudas (D:8)
  A jelly (D:4)
  2 iguanas (D:4)
  Ijyb (D:5)
  2 sleepcaps (D:5)
  4 orc wizards
  7 mummies
  5 gnolls
  7 adders
  2 shadow imps (D:8)
  4 ufetubi
  4 dart slugs
  2 ribbon worms (D:3)
  23 orcs
  A bat (D:1)
  2 endoplasms
  4 giant cockroaches (D:1)
  3 goblins
  6 hobgoblins
  36 kobolds
  2 quokkas
  10 ball pythons
  4 frilled lizards (D:2)
  A gnoll zombie (Ossuary)
  A goblin zombie (D:4)
  2 kobold zombies (Ossuary)
  4 orc zombies
  4 rats
217 creatures vanquished.

Notes
Turn   | Place    | Note
-------+----------+-------------------------------------------
     0 | D:1      | jasper the Human Fighter began the quest for the Orb.
     0 | D:1      | Reached XP level 1. HP: 18/18 MP: 1/1
   338 | D:1      | Reached skill level 3 in Long Blades
   338 | D:1      | Reached XP level 2. HP: 22/24 MP: 2/2
   390 | D:1      | Reached XP level 3. HP: 29/29 MP: 3/3
   933 | D:2      | Reached skill level 4 in Long Blades
   960 | D:2      | Reached XP level 4. HP: 35/35 MP: 4/4
  1710 | D:3      | Reached skill level 5 in Long Blades
  1710 | D:3      | Reached XP level 5. HP: 41/41 MP: 5/5
  1726 | D:3      | Found a white marble altar of Elyvilon.
  2112 | D:3      | Found a glowing golden altar of the Shining One.
  2118 | D:3      | Found a hide-covered altar of Uskayaw.
  2119 | D:3      | Found a bloodstained altar of Trog.
  2120 | D:3      | Found a stormy altar of Qazlal.
  2120 | D:3      | Found a burning altar of Makhleb.
  2207 | D:3      | Found a faded altar of an unknown god.
  2272 | D:4      | Found a shadowy altar of Dithmenos.
  2361 | D:4      | Found a sand-covered staircase.
  2370 | Ossuary  | Entered an ossuary
  2426 | Ossuary  | Noticed a weeping skull
  2442 | Ossuary  | Killed a weeping skull
  2443 | Ossuary  | Reached skill level 6 in Long Blades
  2555 | Ossuary  | Reached XP level 6. HP: 12/47 MP: 6/6
  2944 | Ossuary  | Reached skill level 7 in Long Blades
  3080 | D:4      | Reached XP level 7. HP: 33/52 MP: 7/7
  3221 | D:4      | Noticed Eustachio
  3266 | D:5      | Entered Level 5 of the Dungeon
  3267 | D:5      | Noticed Ijyb
  3272 | D:5      | Killed Ijyb
  3276 | D:5      | Found an iron altar of Okawaru.
  3282 | D:5      | Became a worshipper of Warmaster Okawaru
  3320 | D:5      | Reached skill level 8 in Long Blades
  3594 | D:5      | Noticed Pikel
  3651 | D:4      | Killed Eustachio
  3651 | D:4      | Reached * piety under Okawaru
  3652 | D:4      | Reached skill level 9 in Long Blades
  3652 | D:4      | Reached XP level 8. HP: 18/58 MP: 8/8
  4015 | D:4      | Noticed Blork the orc
  4024 | D:4      | Killed Blork the orc
  4189 | D:4      | Noticed Grinder
  4193 | D:4      | Paralysed by Grinder for 3 turns
  4204 | D:4      | Paralysed by Grinder for 3 turns
  4208 | D:4      | Killed Grinder
  4209 | D:4      | Reached skill level 1 in Throwing
  4553 | D:5      | Found a shimmering altar of Xom.
  4796 | D:5      | Found a staircase to the Ecumenical Temple.
  4846 | D:5      | Found Ezap's General Store.
  4861 | D:5      | Bought a potion of curing for 33 gold pieces
  4861 | D:5      | Bought a scroll of blinking for 82 gold pieces
  5125 | D:6      | Reached ** piety under Okawaru
  5276 | D:6      | Reached XP level 9. HP: 62/66 MP: 10/10
  5339 | D:6      | Reached skill level 5 in Fighting
  5339 | D:6      | Reached skill level 5 in Armour
  5622 | D:6      | Got the Precepts of Evil and the Familiar
  5690 | D:6      | Reached skill level 10 in Long Blades
  6145 | D:7      | Noticed Menkaure
  6154 | D:7      | Killed Menkaure
  6586 | D:7      | Reached skill level 11 in Long Blades
  6600 | D:7      | Reached *** piety under Okawaru
  7627 | D:8      | Reached skill level 12 in Long Blades
  7627 | D:8      | Reached XP level 10. HP: 39/74 MP: 9/11
  7641 | D:8      | Noticed Prince Ribbit
  7653 | D:8      | Killed Prince Ribbit
  7700 | D:8      | Found a runed translucent gate.
  7701 | D:8      | Found a runed translucent gate.
  7701 | D:8      | Found an opulent altar of Gozag.
  7702 | D:8      | Found a runed translucent gate.
  7731 | D:8      | Noticed a deep elf pyromancer
  7734 | D:8      | Noticed Pokonic1's ghost (novice OnBe)
  7841 | D:8      | Reached **** piety under Okawaru
  7842 | D:8      | Reached skill level 13 in Long Blades
  7906 | D:8      | Found the +5 woodcutter's axe
  7996 | D:8      | Found Jamiri's Antique Weapon Boutique.
  8317 | D:9      | Found an ornate altar of the Wu Jian Council.
  8340 | D:9      | HP: 3/74 [troll (13)]
  8447 | D:9      | Noticed a two-headed ogre
  8477 | D:9      | Killed a two-headed ogre
  8478 | D:9      | Reached skill level 14 in Long Blades
  8478 | D:9      | Reached skill level 1 in Dodging
  8633 | D:9      | Reached XP level 11. HP: 80/80 MP: 14/14
  8672 | D:9      | Reached skill level 5 in Invocations
  8716 | D:9      | Identified the +7 trident of Risk Management {pain, rN++
                  | rCorr Str-5 Dex+2}
  9070 | D:9      | Found a glowing silver altar of Zin.
  9136 | D:9      | Noticed Erica
  9155 | D:9      | Slain by Erica

Illustrated notes

Levels and vault maps discovered:
D:1:      dpeg_arrival_line_fractal, layout_loops_cross
D:2:      layout_basic, wad_floor_pattern_1, st_stairs_11, minmay_misc_feat_iff,
          eino_tiny_chamber
D:3:      layout_basic, tso_oasis_becter,
          chequers_temple_overflow_statue_of_worship,
          mainiacjoe_overflow_surrounded_room,
          shapermc_ecumenical_altar_starsandcircs
D:4:      layout_gridville, nicolae_dithmenos_the_darkroom,
          nicolae_ossuary_entry_giza, uniq_grinder, uniq_blork_the_orc,
          uniq_eustachio
D:5:      layout_loops_cross, general_overflow_altar,
          mainiacjoe_overflow_alcove_2, minmay_temple_entry_stoned_glass,
          serial_shops, nicolae_shop_gibbet_a_chance, uniq_ijyb, uniq_pikel
D:6:      layout_basic, serial_bayou_pond_d
D:7:      layout_basic, uniq_menkaure
D:8:      layout_rooms, serial_shops, shop, ebering_ghost_gozag,
          pf_guarded_unrand_woodcutter, uniq_prince_ribbit1
D:9:      layout_loops_ring, kennysheep_mini_moat,
          nicolae_overflow_hidden_temple, grunt_ministairs_5, uniq_erica

Skill      XL: |  1  2  3  4  5  6  7  8  9 10 11 |
---------------+----------------------------------+-----
Long Blades    | 3 4 5 6 7 9 12 14 | 14.0
Invocations    | 2 4 5 |  5.4
Throwing       | 3 |  3.0
Fighting       | 4 5 |  5.2
Armour         | 4 5 |  5.2
Dodging        | 1 |  1.2
Shields        | |  3.3

Action                     |  1- 3 |  4- 6 |  7- 9 | 10-12 || total
---------------------------+-------+-------+-------+-------++-------
  Melee: Long sword        |    73 |   195 |   465 |   333 ||  1066
  Throw: Stone             |       |       |    11 |       ||    11
         Boomerang         |       |       |    50 |     8 ||    58
 Invoke: Heroism           |       |       |     1 |     5 ||     6
  Evoke: Wand              |       |       |     2 |       ||     2
    Use: Scroll            |     4 |     8 |     4 |     2 ||    18
         Potion            |     1 |       |     3 |     4 ||     8
   Stab: Invisible         |       |       |     2 |       ||     2
 Armour: Scale mail        |    34 |    58 |       |       ||    92
         Chain mail        |       |    74 |   507 |   198 ||   779
  Dodge: Dodged            |    27 |    50 |   153 |    74 ||   304
  Block: Buckler           |    16 |    41 |   147 |    17 ||   221
         Kite shield       |       |       |       |   105 ||   105

Table legend: (Time is in decaauts)
 A = Elapsed time spent in this place.
 B = Non-inter-level travel time spent in this place.
 C = Inter-level travel time spent in this place.
 D = Time resting spent in this place.
 E = Time spent auto-exploring this place.
 F = Levels seen in this place.
 G = Mean time per level.
                   A        B        C        D        E       F      G
               +--------+--------+--------+--------+--------+-----+--------+
         Total |   9173 |   9005 |    168 |    517 |   6228 |  10 |  917.3 |
       Dungeon |   8470 |   8302 |    168 |    442 |   5815 |   9 |  941.1 |
       Ossuary |    703 |    703 |      0 |     75 |    413 |   1 |  703.0 |
               +--------+--------+--------+--------+--------+-----+--------+

Top non-repeatable levels by time:
     D:7: 1336 daAuts
     D:4: 1160 daAuts
     D:6: 1080 daAuts
     D:5: 972 daAuts
     D:9: 908 daAuts
     D:3: 808 daAuts
     D:1: 749 daAuts
     D:2: 737 daAuts
     D:8: 717 daAuts
 Ossuary: 703 daAuts
